 Dungeon Crawl Stone Soup version 0.30.0-10-gfe55d96785 (webtiles) character file.

Game seed: 13472216944915138295

5236 qw the Cleaver (level 10, 0/64 HPs)
             Began as a Gargoyle Cinder Acolyte on May 18, 2023.
             Was a Believer of Ignis.
             Slain by a two-headed ogre
             ... wielding a +0 giant club
              (7 damage)
             ... on level 9 of the Dungeon.
             The game lasted 00:06:37 (8212 turns).

qw the Cleaver (Gargoyle Cinder Acolyte)            Turns: 8212, Time: 00:06:37

Health: 0/64       AC: 21    Str: 23    XL:     10   Next: 61%
Magic:  11/11      EV:  6    Int: 14    God:    Ignis [**....]
Gold:   330        SH:  4    Dex:  5    Spells: 11/11 levels left

rFire   + + +        Y - +4 war axe
rCold   + . .        i - +0 buckler
rNeg    + . .        p - +0 plate armour {rF+}
rPois   inf          (no helmet)
rElec   +            k - scarf {rC+ rF+}
rCorr   .            d - +0 pair of gloves
SInv    .            (no boots)
Will    .....        (no amulet) Stlth
                     (no ring)
HPRegen 0.30/turn    (no ring)
MPRegen 0.12/turn

%: no passive effects
@: no status effects
A: sickness immunity, AC +7, negative energy resistance 1, electricity
resistance, torment resistance 1, petrification resistance
a: Renounce Religion, Fiery Armour, Foxfire Swarm, Rising Flame


You were on level 9 of the Dungeon.
You worshipped Ignis.
Ignis was pleased with you.
You visited 1 branch of the dungeon, and saw 9 of its levels.
You also visited: Sewer.

You collected 517 gold pieces.
You spent 187 gold pieces at shops.


Innate Abilities, Weirdness & Mutations

You are immune to sickness and miasma.
Your stone body is resilient. (AC +7)
You are immune to poison.
You resist negative energy. (rN+)
You are resistant to electric shocks. (rElec)
You are resistant to unholy torment.
You are immune to petrification.


   Skills:
 - Level 8.1 Fighting
 + Level 10.8 Axes
 - Level 1.0 Throwing
 - Level 6.5 Armour
 - Level 1.0 Dodging
 - Level 5.0 Shields
 - Level 1.0 Spellcasting
 - Level 3.0 Fire Magic


You had 11 spell levels left.
You didn't know any spells.
Your spell library contained the following spells:

 Spells                   Type           Power      Damage    Failure   Level
 Scorch                   Fire           18%        2d6       91%         2

Inventory:

Hand Weapons
 j - a +0 morningstar
 Y - a +4 war axe (weapon)
Missiles
 b - 6 boomerangs (quivered)
Armour
 d - a +0 pair of gloves (worn)
 i - a +0 buckler (worn)
 k - a scarf of resistance (worn)
 p - a +0 plate armour of fire resistance (worn)
Scrolls
 c - 4 scrolls of identify
 g - a scroll of immolation {unknown}
 m - 5 scrolls of teleportation
Potions
 a - 2 potions of mutation
 e - 3 potions of might
 f - 2 potions of cancellation
 h - a potion of curing
 l - 2 potions of haste

Dungeon Overview and Level Annotations

Branches:
Dungeon (9/15)             Temple (0/1) D:6            Lair (0/5) D:9
  Sewer (visited)
    Orc: D:9-12

Altars:
Cheibriados
Fedhas
Gozag
Nemelex Xobeh
Qazlal
Trog
Wu Jian
Xom

Shops:
D:1 [=[(   D:9 ?


Message History

The killer bee stings you but does no damage.
You hit the killer bee.
The killer bee is almost dead.
You barely miss the killer bee.
The killer bee stings you but does no damage. x2
The killer bee closely misses you.
The killer bee stings you but does no damage.
You closely miss the killer bee.
The killer bee is almost dead.
You barely miss the killer bee. You block the killer bee's attack.
The killer bee stings you but does no damage.
The killer bee barely misses you.
The killer bee stings you but does no damage.
You hit the killer bee.
The killer bee is almost dead.
You miss the killer bee.
You hit the two-headed ogre but do no damage.
The killer bee stings you! The killer bee stings you.
You block the two-headed ogre's attack.
The two-headed ogre hits you with a +0 giant club.
The killer bee stings you but does no damage.
You block the killer bee's attack.
You slash the killer bee!
You kill the killer bee!
You closely miss the two-headed ogre. You miss the killer bee.
The killer bee stings you but does no damage.
The killer bee barely misses you.
You barely miss the two-headed ogre. You closely miss the killer bee.
The killer bee barely misses you.
The two-headed ogre hits you with a +0 giant club!
The two-headed ogre hits you but does no damage.
The killer bee stings you but does no damage.
You slash the two-headed ogre!
The two-headed ogre is lightly wounded.
You slash the killer bee! The killer bee stings you.
The two-headed ogre hits you with a +0 giant club!!
The two-headed ogre hits you with a +0 giant club!
You die...

.... #.....# ....+
#.....# ....# #.....#
....# #.....# y
....##+#####.....# ..
...........#'###### y..
.<...8.##.........# ..#
.......##.........# Oy.##
...\....#.......@.#......
........#...####Oy%......
.8...>..#........%#......
..................# #####
#... ##.))..8#######+##.
##... ##.)#....... ..
#.... ##..#....... ...
#.... ##..#....... ....
#.... ##..#....... .####
#....


You could see a two-headed ogre and a killer bee.

Vanquished Creatures
  A komodo dragon (D:9)
  Grinder (Sewer)
  A wyvern (D:8)
  6 yaks (D:8)
  4 steam dragons
  A water moccasin (D:7)
  3 orc warriors
  An ice beast (D:7)
  2 ogres
  A centaur (D:8)
  2 phantoms
  2 kobold brigands (Sewer)
  3 bullfrogs
  4 scorpions
  A gnoll sergeant (D:5)
  4 wights (D:8)
  10 killer bees
  2 howler monkeys
  A gnoll bouda (D:9)
  2 hounds
  4 orc priests
  Jessica (D:2)
  Ijyb (D:3)
  Terence (D:2)
  5 iguanas
  2 sleepcaps
  9 orc wizards
  7 gnolls
  4 adders
  4 shadow imps
  A white imp (D:5)
  5 ufetubi
  An adder zombie (Sewer)
  A worm (D:6)
  2 dart slugs
  39 orcs
  8 endoplasms
  5 giant cockroaches
  12 goblins
  5 hobgoblins
  9 jackals
  6 quokkas
  10 ball pythons
  7 bats
  7 frilled lizards
  A giant cockroach zombie (Sewer)
  28 kobolds
  4 rats
241 creatures vanquished.

Notes
Turn   | Place    | Note
-------+----------+-------------------------------------------
     0 | D:1      | qw the Gargoyle Cinder Acolyte began the quest for the Orb.
     0 | D:1      | Reached XP level 1. HP: 14/14 MP: 2/2
     0 | D:1      | 0 ||| qw: Version: 0.2-a-95-g916cea5
     0 | D:1      | 0 ||| qw: Game counter: 196
     0 | D:1      | 0 ||| qw: Always use a shield: true
     0 | D:1      | 0 ||| qw: God list: Okawaru
     0 | D:1      | 0 ||| qw: Allow faded altars: false
     0 | D:1      | 0 ||| qw: Do Orc after D:15 true
     0 | D:1      | 0 ||| qw: Do second Lair branch before Depths: true
     0 | D:1      | 0 ||| qw: Lair rune preference: random
     0 | D:1      | 0 ||| qw: Plans: Normal
     0 | D:1      | 0 ||| PLANNING D:1-11
   187 | D:1      | Reached skill level 3 in Axes
   225 | D:1      | Found Ikisan's Weapon Shop.
   263 | D:1      | Found Eniuka's Jewellery Shop.
   269 | D:1      | Reached XP level 2. HP: 12/19 MP: 3/3
   310 | D:1      | 310 ||| SHOPLISTING +5 ring of evasion (432 gold, have 42).
   310 | D:1      | 310 ||| SHOPLISTING amulet of reflection (360 gold, have
                  | 42).
   310 | D:1      | 310 ||| SHOPLISTING amulet of the acrobat (360 gold, have
                  | 42).
   310 | D:1      | 310 ||| SHOPLISTING ring "Jodad" {rC+ Dex+2 SInv} (484
                  | gold, have 42).
   310 | D:1      | 310 ||| SHOPLISTING ring of Pauhevuf {rPois rF+ Int+3} (483
                  | gold, have 42).
   310 | D:1      | 310 ||| SHOPLISTING ring of protection from cold (300 gold,
                  | have 42).
   310 | D:1      | 310 ||| SHOPLISTING ring of resist corrosion (240 gold,
                  | have 42).
   321 | D:1      | Found Jolych's Antique Armour Shoppe.
   325 | D:1      | 325 ||| SHOPLISTING dyed leather armour (150 gold, have
                  | 42).
   325 | D:1      | 325 ||| SHOPLISTING glowing cloak (225 gold, have 42).
   325 | D:1      | 325 ||| SHOPLISTING pair of boots (135 gold, have 42).
   325 | D:1      | 325 ||| SHOPLISTING runed ring mail (210 gold, have 42).
   441 | D:1      | 441 ||| INVOKING Fiery Armour.
   506 | D:1      | Found Ontohey's Armour Shoppe.
   515 | D:1      | 515 ||| SHOPLISTING +0 helmet (54 gold, have 42).
   515 | D:1      | 515 ||| SHOPLISTING +0 helmet of intelligence (138 gold,
                  | have 42).
   844 | D:1      | 844 ||| UPGRADING to +0 scale mail.
   854 | D:1      | 854 ||| DROPPING +0 robe.
   855 | D:1      | 855 ||| UPGRADING to +0 pair of gloves.
   860 | D:1      | 860 ||| UPGRADING to +0 plate armour.
   870 | D:1      | 870 ||| DROPPING +0 scale mail.
   871 | D:1      | 871 ||| READING scroll labelled NANU FEODDOSK.
   973 | D:2      | Noticed Jessica
   991 | D:2      | 991 ||| INVOKING Fiery Armour.
   991 | D:2      | Killed Jessica
   992 | D:2      | Reached XP level 3. HP: 11/23 MP: 4/4
  1075 | D:2      | 1075 ||| Stepping ~*~*~tactically~*~*~ (stealth).
  1143 | D:2      | Reached XP level 4. HP: 28/28 MP: 5/5
  1184 | D:2      | 1184 ||| Stepping ~*~*~tactically~*~*~ (stealth).
  1185 | D:2      | 1185 ||| Stepping ~*~*~tactically~*~*~ (stealth).
  1186 | D:2      | 1186 ||| Stepping ~*~*~tactically~*~*~ (stealth).
  1187 | D:2      | 1187 ||| Stepping ~*~*~tactically~*~*~ (stealth).
  1201 | D:2      | Noticed Terence
  1209 | D:2      | 1209 ||| INVOKING Fiery Armour.
  1218 | D:2      | Killed Terence
  1219 | D:2      | Reached skill level 4 in Axes
  1412 | D:2      | 1412 ||| Stepping ~*~*~tactically~*~*~ (stealth).
  1650 | D:2      | 1650 ||| Stepping ~*~*~tactically~*~*~ (stealth).
  1832 | D:2      | 1832 ||| READING scroll labelled ISOJEUH SIFIGH.
  1833 | D:2      | 1833 ||| READING 2 scrolls labelled LACROSMO XOVVOCH.
  1834 | D:2      | 1834 ||| READING scroll of brand weapon.
  1834 | D:2      | 1834 ||| BRANDING +0 heavy hand axe.
  1897 | D:2      | 1897 ||| DROPPING +0 club.
  1931 | D:2      | 1931 ||| DROPPING +0 whip.
  1932 | D:2      | 1932 ||| READING scroll labelled MOL LULYEN.
  1933 | D:2      | 1933 ||| READING scroll labelled ANAS KUT HETRU.
  1953 | D:2      | 1953 ||| DRINKING 2 green potions.
  2057 | D:2      | 2057 ||| DROPPING potion of berserk rage.
  2090 | D:3      | You fall into a shaft and drop 3 floors!
  2095 | D:6      | 2095 ||| PLANNING SEWER
  2107 | D:6      | Reached XP level 5. HP: 30/32 MP: 6/6
  2130 | D:6      | 2130 ||| Stepping ~*~*~tactically~*~*~ (hiding).
  2177 | D:6      | Noticed a steam dragon
  2178 | D:6      | 2178 ||| Stepping ~*~*~tactically~*~*~ (hiding).
  2191 | D:6      | 2191 ||| INVOKING Fiery Armour.
  2191 | D:6      | HP: 7/32 [steam dragon (5)]
  2195 | D:6      | Killed a steam dragon
  2196 | D:6      | Reached skill level 5 in Axes
  2196 | D:6      | Reached XP level 6. HP: 6/37 MP: 7/7
  2267 | D:6      | 2267 ||| Stepping ~*~*~tactically~*~*~ (stealth).
  2275 | D:6      | 2275 ||| Stepping ~*~*~tactically~*~*~ (stealth).
  2298 | D:6      | 2298 ||| Stepping ~*~*~tactically~*~*~ (stealth).
  2338 | D:6      | 2338 ||| Stepping ~*~*~tactically~*~*~ (stealth).
  2344 | D:6      | 2344 ||| Stepping ~*~*~tactically~*~*~ (stealth).
  2356 | D:6      | 2356 ||| INVOKING Fiery Armour.
  2449 | D:6      | 2449 ||| Stepping ~*~*~tactically~*~*~ (stealth).
  2451 | D:6      | 2451 ||| Stepping ~*~*~tactically~*~*~ (hiding).
  2454 | D:6      | 2454 ||| Stepping ~*~*~tactically~*~*~ (hiding).
  2460 | D:6      | Reached skill level 3 in Armour
  2562 | D:6      | 2562 ||| SWAPPING to +1 hand axe of venom.
  2563 | D:6      | 2563 ||| DROPPING +0 hand axe of freezing.
  2617 | D:6      | Reached skill level 6 in Axes
  2617 | D:6      | Reached XP level 7. HP: 43/43 MP: 8/8
  2675 | D:6      | 2675 ||| READING scroll of enchant weapon.
  2675 | D:6      | 2675 ||| ENCHANTING +1 hand axe of venom.
  2707 | D:6      | Found a glowing drain.
  2710 | D:6      | 2710 ||| READING scroll labelled GOUSOOLIUN.
  2719 | Sewer    | Entered a sewer
  2793 | Sewer    | 2793 ||| Stepping ~*~*~tactically~*~*~ (stealth).
  2794 | Sewer    | 2794 ||| PLANNING SEWER
  2798 | Sewer    | 2798 ||| Stepping ~*~*~tactically~*~*~ (hiding).
  2836 | Sewer    | 2836 ||| PLANNING SEWER
  2842 | Sewer    | 2842 ||| PLANNING SEWER
  2849 | Sewer    | 2849 ||| INVOKING Fiery Armour.
  2875 | Sewer    | 2875 ||| Stepping ~*~*~tactically~*~*~ (stealth).
  2877 | Sewer    | 2877 ||| Stepping ~*~*~tactically~*~*~ (hiding).
  2878 | Sewer    | 2878 ||| Stepping ~*~*~tactically~*~*~ (hiding).
  2881 | Sewer    | 2881 ||| Stepping ~*~*~tactically~*~*~ (hiding).
  2887 | Sewer    | 2887 ||| Stepping ~*~*~tactically~*~*~ (hiding).
  2890 | Sewer    | 2890 ||| Stepping ~*~*~tactically~*~*~ (hiding).
  2904 | Sewer    | Found an ancient bone altar of Kikubaaqudgha.
  2905 | Sewer    | Noticed Grinder
  2921 | Sewer    | Killed Grinder
  2922 | Sewer    | Reached skill level 7 in Axes
  2922 | Sewer    | Reached XP level 8. HP: 48/48 MP: 9/9
  2922 | Sewer    | 2922 ||| Stepping ~*~*~tactically~*~*~ (hiding).
  2924 | Sewer    | 2924 ||| Stepping ~*~*~tactically~*~*~ (hiding).
  2931 | Sewer    | 2931 ||| Stepping ~*~*~tactically~*~*~ (hiding).
  2932 | Sewer    | 2932 ||| Stepping ~*~*~tactically~*~*~ (hiding).
  2933 | Sewer    | 2933 ||| Stepping ~*~*~tactically~*~*~ (hiding).
  2955 | Sewer    | 2955 ||| Stepping randomly (stuck).
  3043 | Sewer    | 3043 ||| READING scroll of enchant weapon.
  3043 | Sewer    | 3043 ||| ENCHANTING +2 hand axe of venom.
  3106 | Sewer    | 3106 ||| READING scroll labelled DONAON GAAJU.
  3107 | Sewer    | 3107 ||| READING scroll labelled SAETOTWOK.
  3108 | Sewer    | 3108 ||| DRINKING 2 ruby potions.
  3130 | D:6      | 3130 ||| PLANNING D:1-11
  3144 | D:5      | Entered Level 5 of the Dungeon
  3163 | D:5      | 3163 ||| INVOKING Fiery Armour.
  3175 | D:5      | Reached skill level 8 in Axes
  3200 | D:5      | 3200 ||| Stepping ~*~*~tactically~*~*~ (stealth).
  3201 | D:5      | 3201 ||| Stepping ~*~*~tactically~*~*~ (stealth).
  3276 | D:5      | 3276 ||| DROPPING +0 flail.
  3338 | D:5      | 3338 ||| READING 3 scrolls of identify.
  3338 | D:5      | 3338 ||| IDENTIFYING sapphire potion
  3339 | D:5      | 3339 ||| READING 2 scrolls of identify.
  3339 | D:5      | 3339 ||| IDENTIFYING orange potion
  3340 | D:5      | 3340 ||| DROPPING potion of flight.
  3410 | D:4      | 3410 ||| READING scroll labelled OPENA QAHE.
  3511 | D:4      | 3511 ||| DRINKING 2 murky golden potions.
  3512 | D:4      | 3512 ||| DROPPING potion of attraction.
  3550 | D:3      | 3550 ||| Stepping ~*~*~tactically~*~*~ (stealth).
  3614 | D:3      | 3614 ||| Stepping ~*~*~tactically~*~*~ (hiding).
  3616 | D:3      | 3616 ||| Stepping ~*~*~tactically~*~*~ (hiding).
  3638 | D:3      | 3638 ||| Stepping ~*~*~tactically~*~*~ (stealth).
  3662 | D:3      | 3662 ||| Stepping ~*~*~tactically~*~*~ (hiding).
  3886 | D:3      | Noticed Ijyb
  3887 | D:3      | 3887 ||| Stepping ~*~*~tactically~*~*~ (hiding).
  3898 | D:3      | Killed Ijyb
  3911 | D:3      | Found an opulent altar of Gozag.
  3917 | D:3      | Identified the +7 hand crossbow of Eternity {drain, rElec
                  | rPois}
  4137 | D:3      | 4137 ||| UPGRADING to +0 buckler.
  4142 | D:3      | 4142 ||| DROPPING ring of flight.
  4143 | D:3      | 4143 ||| DRINKING 3 inky potions.
  4144 | D:3      | 4144 ||| READING 2 scrolls of identify.
  4144 | D:3      | 4144 ||| IDENTIFYING fizzy emerald potion
  4368 | D:4      | Reached skill level 1 in Shields
  4604 | D:4      | 4604 ||| DRINKING 2 fuming ruby potions.
  4645 | D:4      | 4645 ||| READING 2 scrolls of identify.
  4645 | D:4      | 4645 ||| IDENTIFYING white potion
  4646 | D:4      | 4646 ||| DROPPING potion of lignification.
  4647 | D:4      | 4647 ||| DROPPING potion of brilliance.
  4694 | D:5      | Reached skill level 3 in Shields
  4745 | D:5      | 4745 ||| Stepping ~*~*~tactically~*~*~ (hiding).
  4746 | D:5      | 4746 ||| Stepping ~*~*~tactically~*~*~ (stealth).
  4765 | D:5      | Reached skill level 6 in Fighting
  4882 | D:5      | Found a blossoming altar of Fedhas.
  4882 | D:5      | Found a sparkling altar of Nemelex Xobeh.
  4882 | D:5      | Found a snail-covered altar of Cheibriados.
  4902 | D:5      | Found a shimmering altar of Xom.
  5067 | D:5      | Reached skill level 1 in Throwing
  5154 | D:5      | Reached XP level 9. HP: 29/55 MP: 10/10
  5359 | D:5      | 5359 ||| Stepping ~*~*~tactically~*~*~ (stealth).
  5450 | D:5      | Identified the orb "Idoet" {light, rC- Dex+7 Stlth+}
  5451 | D:5      | 5451 ||| Stepping ~*~*~tactically~*~*~ (hiding).
  5560 | D:5      | 5560 ||| UPGRADING to scarf of resistance.
  5565 | D:5      | 5565 ||| READING 2 scrolls of identify.
  5565 | D:5      | 5565 ||| IDENTIFYING purple potion
  5631 | D:6      | Found an ornate altar of the Wu Jian Council.
  5696 | D:6      | 5696 ||| Stepping ~*~*~tactically~*~*~ (stealth).
  5699 | D:6      | 5699 ||| Stepping ~*~*~tactically~*~*~ (hiding).
  5700 | D:6      | 5700 ||| Stepping ~*~*~tactically~*~*~ (hiding).
  5727 | D:6      | Found a staircase to the Ecumenical Temple.
  5831 | D:7      | 5831 ||| READING scroll of enchant weapon.
  5831 | D:7      | 5831 ||| ENCHANTING +3 hand axe of venom.
  5859 | D:7      | 5859 ||| Stepping ~*~*~tactically~*~*~ (stealth).
  5861 | D:7      | 5861 ||| Stepping ~*~*~tactically~*~*~ (hiding).
  5905 | D:7      | Found a bloodstained altar of Trog.
  5949 | D:7      | 5949 ||| DRINKING 2 potions of curing.
  5949 | D:7      | 5949 ||| (to cure confusion)
  6163 | D:7      | Reached skill level 9 in Axes
  6466 | D:7      | 6466 ||| Stepping ~*~*~tactically~*~*~ (hiding).
  6471 | D:7      | 6471 ||| DRINKING potion of curing.
  6471 | D:7      | 6471 ||| (to cure confusion)
  6744 | D:7      | 6744 ||| READING 2 scrolls labelled CID ZONERAL.
  6778 | D:8      | 6778 ||| STAIRDANCE
  6835 | D:8      | 6835 ||| STAIRDANCE
  6840 | D:8      | 6840 ||| STAIRDANCE
  6876 | D:8      | 6876 ||| READING scroll of enchant weapon.
  6876 | D:8      | 6876 ||| ENCHANTING +4 hand axe of venom.
  6916 | D:8      | Found a flagged portal.
  6917 | D:8      | 6917 ||| Stepping ~*~*~tactically~*~*~ (stealth).
  6996 | D:8      | Found a stormy altar of Qazlal.
  7039 | D:8      | 7039 ||| INVOKING Fiery Armour.
  7240 | D:8      | 7240 ||| INVOKING Fiery Armour.
  7243 | D:8      | Reached skill level 6 in Armour
  7249 | D:8      | Reached XP level 10. HP: 60/63 MP: 11/11
  7254 | D:8      | Reached skill level 10 in Axes
  7283 | D:8      | 7283 ||| Stepping ~*~*~tactically~*~*~ (stealth).
  7294 | D:8      | 7294 ||| Stepping ~*~*~tactically~*~*~ (hiding).
  7338 | D:8      | 7338 ||| SWAPPING to +0 war axe.
  7339 | D:8      | 7339 ||| DROPPING +5 hand axe of venom.
  7389 | D:8      | 7389 ||| Stepping ~*~*~tactically~*~*~ (hiding).
  7391 | D:8      | 7391 ||| Stepping ~*~*~tactically~*~*~ (hiding).
  7406 | D:8      | Reached skill level 1 in Dodging
  7464 | D:8      | 7464 ||| SWAPPING to +4 war axe.
  7465 | D:8      | 7465 ||| DROPPING +0 war axe.
  7717 | D:8      | 7717 ||| UPGRADING to +0 plate armour of fire resistance.
  7727 | D:8      | 7727 ||| DROPPING +0 plate armour.
  7728 | D:8      | 7728 ||| READING scroll labelled RUNGAD QEGELA.
  7729 | D:8      | 7729 ||| READING 4 scrolls of identify.
  7729 | D:8      | 7729 ||| IDENTIFYING yellow potion
  7730 | D:8      | 7730 ||| DROPPING potion of degeneration.
  7947 | D:9      | Found a staircase to the Lair.
  8136 | D:9      | Found Wedoa's Magic Scroll Shoppe.
  8139 | D:9      | 8139 ||| Stepping ~*~*~tactically~*~*~ (hiding).
  8145 | D:9      | 8145 ||| Stepping ~*~*~tactically~*~*~ (hiding).
  8146 | D:9      | 8146 ||| Stepping ~*~*~tactically~*~*~ (hiding).
  8147 | D:9      | 8147 ||| Stepping ~*~*~tactically~*~*~ (hiding).
  8165 | D:9      | 8165 ||| Stepping ~*~*~tactically~*~*~ (stealth).
  8176 | D:9      | 8176 ||| BUYING scroll of identify (34 gold).
  8176 | D:9      | Bought a scroll of identify for 34 gold pieces
  8176 | D:9      | 8176 ||| BUYING scroll of teleportation (51 gold).
  8176 | D:9      | Bought a scroll of teleportation for 51 gold pieces
  8176 | D:9      | 8176 ||| BUYING scroll of teleportation (51 gold).
  8176 | D:9      | Bought a scroll of teleportation for 51 gold pieces
  8176 | D:9      | 8176 ||| BUYING scroll of teleportation (51 gold).
  8176 | D:9      | Bought a scroll of teleportation for 51 gold pieces
  8198 | D:9      | Noticed a two-headed ogre
  8204 | D:9      | 8204 ||| Stepping ~*~*~tactically~*~*~ (stealth).
  8212 | D:9      | HP: 7/64 [two-headed ogre/+0 giant club (24)]
  8212 | D:9      | Slain by a two-headed ogre

Levels and vault maps discovered:
D:1:      dpeg_arrival_arbitrary_a, layout_loops_ring, serial_shops,
          nicolae_shop_tiny_real_fake_doors, nicolae_shop_getting_attention,
          shop, shop, chequers_decorated_corner, minmay_misc_feat_doors
D:2:      layout_basic, minmay_misc_feat_x, minmay_misc_feat_chi, uniq_terence,
          uniq_jessica
D:3:      layout_loops_ring, mainiacjoe_overflow_small_starburst, uniq_ijyb
D:4:      layout_gridville
D:5:      layout_loops_cross, mainiacjoe_overflow_tiny_flanked,
          gammafunk_temple_overflow_forgotten, minmay_fractal_squares_diagonal_5
D:6:      layout_rooms, pdpol_wu_jian_five_deadly_venoms,
          minmay_temple_entry_enclosed_plants, cheibrodos_sewer_entry_sluice
D:7:      statuecave_lemuel, layout_loops_corners, bloody_trog,
          chequers_serial_rivers_marsh
D:8:      layout_basic, kennysheep_mini, enter_bailey_5, serial_bayou_pond_d,
          nicolae_figureground_sparkle
D:9:      layout_stronghold, general_overflow_altar, david_lair_shrubbed,
          nicolae_stop_n_shop_1, st_stairs_7

Skill      XL: |  1  2  3  4  5  6  7  8  9 10 |
---------------+-------------------------------+-----
Axes           | 3 4 5 6 7 8 9 10 | 10.8
Armour         | 2 3 4 5 6 |  6.5
Fighting       | 4 6 7 8 |  8.1
Shields        | 3 4 5 |  5.0
Throwing       | 1 |  1.0
Dodging        | 1 |  1.0
Spellcasting   | |  1.0
Fire Magic     | |  3.0

Action                     |  1- 3 |  4- 6 |  7- 9 | 10-12 || total
---------------------------+-------+-------+-------+-------++-------
  Melee: Hand axe          |    94 |   119 |   399 |    35 ||   647
         Punch             |       |     2 |     1 |       ||     3
         War axe           |       |       |       |    64 ||    64
  Throw: Boomerang         |       |       |    42 |    13 ||    55
 Invoke: Fiery Armour      |     2 |     3 |     4 |       ||     9
    Use: Scroll            |     1 |     5 |    14 |     2 ||    22
         Potion            |       |     1 |     6 |       ||     7
   Stab: Distracted        |       |       |     1 |       ||     1
 Armour: Robe              |    15 |       |       |       ||    15
         Plate armour      |    28 |    90 |   264 |    64 ||   446
  Dodge: Dodged            |    36 |    23 |    91 |    22 ||   172
  Block: Buckler           |       |       |    30 |    25 ||    55

Table legend:
 A = Non-vault XP
 B = Vault XP
 C = Vault XP percentage of total XP
 D = Non-vault monster count
 E = Vault monster count
 F = Vault count percentage of total count
                 A         B        C        D         E       F
            +---------+---------+-------+---------+---------+-------
      Total |    6122 |    1359 |  18.2 |     191 |      50 |  20.7
            +---------+---------+-------+---------+---------+-------
        D:1 |      28 |       0 |   0.0 |      17 |       0 |   0.0
        D:2 |      51 |      73 |  58.9 |      26 |       2 |   7.1
        D:3 |      53 |      36 |  40.4 |      17 |       1 |   5.6
        D:4 |     154 |       0 |   0.0 |      17 |       0 |   0.0
        D:5 |     708 |     169 |  19.3 |      28 |       4 |  12.5
        D:6 |     893 |       7 |   0.8 |      16 |       2 |  11.1
        D:7 |     801 |       0 |   0.0 |      21 |       0 |   0.0
        D:8 |    2874 |       7 |   0.2 |      36 |       4 |  10.0
        D:9 |     560 |     394 |  41.3 |      13 |       1 |   7.1
      Sewer |       0 |     673 | 100.0 |       0 |      36 | 100.0
            +---------+---------+-------+---------+---------+-------
